Workbook

Sheet VIG 12x36 NOTURNO
A2: VIGILÂNCIA 12 x 36 NOTURNA - Lucro Presumido - CONTA VINCULADA
A3: ANEXO XX do Pregão Nº XX/202X-COM PERI NO FIM Conta Vinculada - Com Intervalo Intrajornada MODELO DE PLANILHA DE CUSTOS E FORMAÇÃO DE PREÇOS
A4: Nº do processo:
A5: Licitação nº:
A6: Dia:
A7: DISCRIMINAÇÃO DOS SERVIÇOS (DADOS REFERENTES À CONTRATAÇÃO)
A8: A | B8: Data de apresentação da proposta (dia/mês/ano)
A9: B | B9: Município/UF | H9: Passo Fundo/RS
A10: C | B10: Ano do Acordo, Convenção ou Dissídio coletivo | H10: 1º de abril de 2024
A11: D | B11: Número de meses de execução contratual | H11: 60
A12: IDENTIFICAÇÃO DO SERVIÇO
A13: Tipo de serviço: Vigilância e Segurança Armada | F13: Unidade de Medida | H13: Quantidade total a contratar (Em função da unidade de medida)
A14: 12 x 36 horas diurnas - de segunda-feira a domingo | F14: posto | H14: -
A15: 12 x 36 horas noturnas - de segunda-feira a domingo | F15: posto | H15: 2
A16: TOTAL DE POSTOS | H16: =SUM(H14:H15) -> 2
A18: Nota 1: Esta tabela poderá ser adaptada às características do serviço contratado, inclusive no que concerne às rubricas e suas respectivas provisões e/ou estimativas, desde que haja justificativa. Nota 2: As provisões constantes desta planilha poderão ser desnecessárias quando se tratar de determinados serviços que prescindam da dedicação exclusiva dos trabalhadores da contratada para com a Administração.
A20: 1. MÓDULOS Mão de obra Mão de obra vinculada à execução contratual
A22: Dados para composição dos custos referente à mão de obra
A23: 1 | B23: Tipo de serviço (mesmo serviço com características distintas) | H23: Vigilância e Segurança Armada
A24: 2 | B24: Classificação Brasileira de Ocupações (CBO) | H24: 5173-30
A25: 3 | B25: Salário Normativo da Categoria Profissional | H25: 1977.8 | J25: 1883.2 | K25: 1977.8
A26: 4 | B26: Categoria Profissional (vinculada à execução contratual) | H26: vigilante
A27: 5 | B27: Data-Base da Categoria (dia/mês/ano) | H27: 1º de abril de 2024
A28: 6 | B28: Valor do salárioxhora sem periculosidade - VSH (s/peri) = (Valor do salário normativo / 220 h) | H28: =ROUND((H25/220),2) -> 8.99
A29: 7 | B29: Valor da hora extra sem periculosidade com 50% HE (s/peri) = valor da hora + 50% | H29: =TRUNC(H28*1.5,2) -> 13.48
A30: 8 | B30: Valor da hora do adicional noturno sem periculosidade AN (s/peri) = valor da hora x 20% | H30: =ROUND(H28*0.2,2) -> 1.8
A31: 9 | B31: Adicional de troca de uniforme sem periculosidade | H31: =ROUND(H28/6,2) -> 1.5
A32: 10 | B32: Quantidade de vigilantes por posto de serviço | H32: 2
A34: Nota 1: Deverá ser elaborado um quadro para cada tipo de serviço. Nota 2: A planilha será calculada considerando o valor mensal do empregado
A36: Módulo 1: Composição da Remuneração (por Posto)
A37: 1 | B37: Composição da Remuneração (por Posto) | H37: Percentual (%) | I37: Valor (R$)
A38: A | B38: Salário-Base (valor para 2 vigilantes = 1 posto) (cláusulas 3ª e 4ª da CCT 2024/2025) | I38: =H25*H32 -> 3955.6
A39: B | B39: Adicional Noturno sobre: 1) 7h de 60min p/dia + 2) 1,0 h reduzida noturna p/dia para o RS Cálculo do valor: AN (s/peri) x 8h)x15dx2vig. Das 22h às 5h. (cláusulas 26 da CCT 2024/2025) | I39: =ROUND(2*8*15*H30,2) -> 432
A40: C | B40: Adicional de Hora Noturna Reduzida (Hora Reduzida Noturna como Extra) (HRN que excedeu de 190,67h) Cálculo do valor: HE (s/peri) x 4,33 h x 2 vig.) --- [195h (=180h + 15h) - 190,67 = 4,33h como horas extras, sendo 15 = 15x(7hx1,1428571 – 7h) Das 22h às 5h (cláusula 26 e 74 da CCT 2024/2025) | I40: =ROUND(H32*(((12*15)+15)-((44/6)*26))*H29,2)*0+ROUND(2*4.33*H29,2) -> 116.74
A41: D | B41: Adicional para Troca de Uniforme - Cálculo do valor: 1/6 do salário-hora por dia = (VSH/6=1,34)x2x15 (cláusula 29 da CCT 2024/2025) | I41: =ROUND(H31*H32*15,2) -> 45
A42: E | B42: RSR (Repouso Semanal Remunerado) - Cálculo do valor: 20% sobre os adicionais pertinentes) - (cláusula 16 e 29 da CCT 2024/2025) | I42: =ROUND(SUM(I39:I41)*0.2,2) -> 118.75
A43: F | B43: Adicional de Periculosidade (Lei nº 12.740/2012) (30% das rubricas pertinentes) (cláusula 27 da CCT 2024/2025) | H43: 0.3 | I43: =ROUND(H43*SUM(I38:I42),2) -> 1400.43
A44: G | B44: Outros (especificar) | I44: -
A45: Remuneração 1 = Total da Remuneração de verbas de natureza salarial nas quais incidem INSS + FGTS + Férias + 13º, etc. | I45: =SUM(I38:I44) -> 6068.52
A47: H | B47: Intervalo Intrajornada (Adicional de Intervalo) Cálculo do valor: HE (s/peri) x 15d x2vigx0,5h) - (cláusula 65 da CCT 2024/2025) | I47: =ROUND(H29*15*H32*0.5,2) -> 202.2
A48: Total da verba de natureza salarial na qual incidem somente INSS (mais terceiras entidades) e FGTS, em face da Solução de Consulta RFB/Cosit nº 108/2023 e Parecer Jurídico - Empregado só recebe se estiver trabalhando. | I48: =I47 -> 202.2
A50: Remuneração 2 = Total da Remuneração que o empregado irá receber- Valor entra nos seguintes cálculos: Item 2, "A" - Quadro-Resumo do Custo por Posto de Trabalho, Custos Indiretos, Lucro e Tributos. | I50: =I45+I48 -> 6270.72
A52: Nota1: O Módulo 1 refere-se ao valor mensal devido ao empregado pela prestação do serviço no período de 12 meses.
A54: Módulo 2 : Encargos e Benefícios Anuais, Mensais e Diários
A55: Submódulo 2.1 – 13º (décimo terceiro) Salário (Férias???) e Adicional de Férias
A56: 2.1 | B56: 13º (décimo terceiro) Salário (Férias???) e Adicional de Férias | I56: Valor (R$)
A57: A | B57: 13º (décimo terceiro) Salário Obrigatória a cotação de 8,33% sobre o valor do Módulo 1 – Composição da Remuneração1, conforme Anexo XII da IN 5/17 | H57: 0.0833 | I57: =ROUND(I45*H57,2) -> 505.51
A58: B | B58: Adicional de Férias Obrigatória a cotação de 3,025% sobre o valor do Módulo 1 – Composição da Remuneração1. É vedada a cotação de Férias neste Submódulo, em face de tratar-se de Conta Vinculada. O custo do empregado substituto, quando o titular gozar férias, deverá ser previsto no Submódulo 4.1.A. Isso demonstra que a provisão de Férias neste Submódulo não teria finalidade, em razão de que o pagamento do titular no seu mês de gozo de férias será feito pelo Módulo 1 - Composição da Remuneração. Na hipótese de o contrato não ser prorrogado, o pagamento relativo a Férias do empregado deverá ser efetivado pela provisão feita no Submódulo 4.1.A. | H58: 0.03025 | I58: =ROUND(I45*H58,2) -> 183.57
A59: Total | I59: =SUM(I57+I58) -> 689.08
A60: Nota 1: Como a planilha de custos e formação de preços é calculada mensalmente, provisiona-se proporcionalmente 1/12 (um doze avos) dos valores referentes à gratificação natalina e adicional de férias. Nota 2: O adicional de férias contido no Submódulo 2.1 corresponde a 3,025% do Módulo 1, em face do Anexo XII da IN nº 5/2017 exigir 12,10% no somatório de Férias + 1/3 de Férias (9,075% + 3,025%).
A62: Submódulo 2.2 - Encargos Previdenciários (GPS), Fundo de Garantia por Tempo de Serviço (FGTS) e outras contribuições (Base de Cálculo = Módulo 1 (Rem1) + Submódulo 2.1 + Intervalo Intrajornada)
A63: 2.2 | B63: GPS, FGTS e outras contribuições | H63: Percentual (%) | I63: Valor (R$)
A64: A | B64: INSS | H64: 0.2 | I64: =ROUND(($I$45+$I$59+$I$48)*H64,2) -> 1391.96
A65: B | B65: Salário Educação | H65: 0.025 | I65: =ROUND(($I$45+$I$59+$I$48)*H65,2) -> 174
A66: C | B66: RAT x FAP Cálculo do valor: % do RAT (Riscos Ambientais do Trabalho) x FAP (Fator Acidentário de Prevenção de cada empresa) | D66: RAT = | E66: 0.03 | F66: FAP = | G66: 1 | H66: =ROUND((E66*G66),6) -> 0.03 | I66: =ROUND(($I$45+$I$59+$I$48)*H66,2) -> 208.79
A67: D | B67: SESC ou SESI | H67: 0.015 | I67: =ROUND(($I$45+$I$59+$I$48)*H67,2) -> 104.4
A68: E | B68: SENAC ou SENAI | H68: 0.01 | I68: =ROUND(($I$45+$I$59+$I$48)*H68,2) -> 69.6
A69: F | B69: SEBRAE | H69: 0.006 | I69: =ROUND(($I$45+$I$59+$I$48)*H69,2) -> 41.76
A70: G | B70: INCRA | H70: 0.002 | I70: =ROUND(($I$45+$I$59+$I$48)*H70,2) -> 13.92
A71: H | B71: FGTS | H71: 0.08 | I71: =ROUND(($I$45+$I$59+$I$48)*H71,2) -> 556.78
A72: Total | H72: =SUM(H64:H71) -> 0.368 | I72: =SUM(I64:I71) -> 2561.21
A74: Nota 1: Os percentuais dos encargos previdenciários, do FGTS e demais contribuições são aqueles estabelecidos pela legislação vigente. Nota 2: O SAT a depender do grau de risco do serviço irá variar entre 1%, para risco leve, de 2% para risco médio, e de 3% para risco grave. Nota 3: Esses percentuais incidem sobre o Módulo 1, o Submódulo 2.1.
A76: Submódulo 2.3 – Benefícios Mensais e Diários
A77: 2.3 | B77: Benefícios Mensais e Diários | I77: Valor (R$)
A78: A | B78: Transporte Cálculo do valor: [(2xVTx30) – (6%xSB)] | I78: =IF(ROUND((H79*H81*H80)-(I38*H82),2)<0,0,ROUND((H79*H81*H80)-(I38*H82),2)) -> 59.66
B79: A.1) Valor da passagem do transporte coletivo no município de prestação dos serviços (Decreto Municipal P. Fundo nº 113/2024) | H79: 4.95 | I79: -
B80: A.2) Quantidade de passagens por dia por empregado | H80: 2 | I80: -
B81: A.3) Quantidade de dias do mês de recebimento de passagens | H81: 30
B82: A.4) Participação do empregado em percentual do salário-base (cláusula 32 da CCT 2024/2025) | H82: 0.06
A83: B | B83: Auxílio-Refeição/Alimentação Cálculo do valor = [(30xVA)x(1-0,20)] | I83: =ROUND(H85*H84*(1-H86),2)*1+ROUND(21.726*6*(1-H86),2)*0 -> 648
B84: B.1) Valor do Auxílio-Alimentação (cláusula 30 da CCT 2024/2025) | H84: 27 | I84: -
B85: B.2) Quantidade de dias do mês de recebimento de auxílio-alimentação | H85: 30
B86: B.3) Participação do empregado em percentual sobre o auxílio-alimentação (cláusula 30 da CCT 2024/2025) | H86: 0.2
A87: C | B87: Assistência Médica e Familiar | I87: 0
A88: D | B88: Seguro de Vida (cláusula 34 da CCT 2024/2025) Cálculo do valor: 26 x Remx 0,023% O valor cotado pelo licitante deve ser fixado na planilha e somente deve ser alterado mediante repactuação com comprovação do aumento. Depois da licitação, excluir a fórmula | I88: =ROUND(I45*26*0.00023,2) -> 36.29
A89: E | B89: Auxílio-Funeral (cláusula 33 da CCT 2024/2025) Cálculo do valor: [(SB x 0,52066%)/12] O valor cotado pelo licitante deve ser fixado na planilha e somente deve ser alterado mediante repactuação com comprovação do aumento. Depois da licitação, excluir a fórmula | I89: =ROUND(($I$38*0.0052066)/12,2) -> 1.72
A90: F | B90: Outros (especificar) | I90: 0
B91: Total | I91: =SUM(I78:I90) -> 745.67
A93: Nota 1: o valor informado deverá ser o custo real do insumo (descontado o valor eventualmente pago pelo empregado). Nota 2: Observar a previsão dos benefícios contidos em Acordos, Convenções e Dissídios Coletivos de Trabalho e atentar-se ao disposto no artigo 6º desta Instrução Normativa.
A95: Quadro-Resumo do Módulo 2 – Encargos e Benefícios Anuais, Mensais e Diários
A96: 2 | B96: Encargos e Benefícios Anuais, Mensais e Diários | I96: Valor (R$)
A97: 2.1 | B97: 13º (décimo terceiro) Salário (Férias???) e Adicional de Férias | I97: =I59 -> 689.08
A98: 2.2 | B98: GPS, FGTS e outras contribuições | I98: =I72 -> 2561.21
A99: 2.3 | B99: Benefícios Mensais e Diários | I99: =I91 -> 745.67
A100: Total | I100: =SUM(I97+I98+I99) -> 3995.96
A102: Módulo 3 - Provisão para Rescisão
A103: 3 | B103: Provisão para Rescisão | I103: Valor (R$)
A104: A | B104: Aviso Prévio Indenizado Cálculo do valor = [Rem/12 + 13º/12 + (Férias + 1/3 Férias)/12] x (30 dias/30=1) x 5% de rotatividade anual - Os reflexos de 13º, F e 1/3F são referentes a 1 mês de APInd - Decorridos 12 meses de execução contratual, por ocasião do primeiro reajuste, repatuação ou prorrogação, poderão ser considerados 03 dias conforme Lei nº 12.506/2011, dependendo da análise do nº de ocorrências deste evento no período. | I104: =ROUND(((I45/12)+($I$57/12)+(I45*0.121/12))*(30/30)*5%,2) -> 30.45
A105: B | B105: Incidência do FGTS sobre o Aviso Prévio Indenizado | I105: =ROUND($H$71*I104,2) -> 2.44
A106: C | B106: Aviso Prévio Trabalhado Cálculo do valor = [(Rem1/30)x7]/ 12 meses de execução contraual x (30 dias / 30) x 100% do empregados. Decorridos 12 meses de execução contratual, negociar extinção/redução, por ocasição do primeiro reajuste, repactuação ou prorrogação. (Esta rubrica prevê 30 dias de aviso prévio, no entanto, decorridos 12 meses de execução, já integralmente provisioandos durante os primeiros 12 meses de execução contratual, o empregado tem direito a mais 03 dias de aviso prévio trabalhado para cada ano trabalhado, conforme Lei nº 12.506, dependendo da análise do nº de ocorrências deste evendo durante o período). | I106: =ROUND(($I$45*(7/30)/12*(30/30))*100%,2) -> 118
A107: D | B107: Incidência de GPS, FGTS e outras contribuições sobre o Aviso Prévio Trabalhado | I107: =ROUND($H$72*I106,2) -> 43.42
A108: E | B108: Multa do FGTS sobre o Aviso PrévioTrabalhado e Aviso Prévio IndenizadoObrigatória a cotação de 4% sobre o valor do Módulo 1 – Composição da Remuneração1, conforme Anexo XII da IN Seges nº 5/2017 | H108: 0.04 | I108: =ROUND(I45*H108,2) -> 242.74
A109: TOTAL | I109: =SUM(I104:I108) -> 437.05
A111: Módulo 4 - Custo de Reposição do Profissional Ausente
A112: Nota 1: Os itens que contemplam o módulo 4 se referem ao custo dos dias trabalhados pelo repositor/substituto quando o empregado alocado na prestação do serviço estiver ausente, conforme as previsões estabelecidas na legislação.
A113: Base de cálculo para o Custo de Reposição do Profissional Ausente (substituto): BCCPA = MÓDULO 1 (= a Rem1) + MÓDULO 2 (- VA - VT) + FÉRIAS + MÓDULO 3 - exceto o Substituto na cobertura de Férias e o Afastamento Maternidade, sendo que neste último a Rem e o 13º podem ser compensados pelo INSS, ambos com base de cálculo própria, conforme consta nesses itens de custo.
A115: MÓD 1 (= a Rem1)= | B115: =I45 -> 6068.52 | D115: MÓD 2 (sem VA e VT) +Férias = | E115: =I100-I78-I83 +I119 -> 4041.685 | G115: MÓD 3 = | H115: =I109 -> 437.05 | I115: =B115+E115+H115 -> 10547.255
A117: Submódulo 4.1 – Substituto nas Ausências Legais
A118: 4.1 | B118: Substituto nas Ausências Legais | I118: Valor (R$)
A119: A | B119: Substituto na cobertura de Férias Obrigatória a cotação de 9,075% sobre o valor do Módulo 1 - Composição da Remuneração, mais o percentual do Submódulo 2.2 sobre o cálculo anterior, conforme Anexo XII da IN 5/17 (Férias + Adicional = 12,10% = 9,075% + 3,025%) | G119: 0.09075 | H119: =H72 -> 0.368 | I119: =ROUND(G119*I45,2)*(1+H119) -> 753.38496
...

Sheet VIG 12x36 DIURNO
A2: VIGILÂNCIA 12 x 36 DIURNA - Lucro Presumido - CONTA VINCULADA
A3: ANEXO XX do Pregão Nº XX/202X-COM PERI NO FIM Conta Vinculada - Com Intervalo Intrajornada MODELO DE PLANILHA DE CUSTOS E FORMAÇÃO DE PREÇOS
A4: Nº do processo:
A5: Licitação nº:
A6: Dia:
A7: DISCRIMINAÇÃO DOS SERVIÇOS (DADOS REFERENTES À CONTRATAÇÃO)
A8: A | B8: Data de apresentação da proposta (dia/mês/ano)
A9: B | B9: Município/UF | H9: Passo Fundo/RS
A10: C | B10: Ano do Acordo, Convenção ou Dissídio coletivo | H10: 1º de abril de 2024
A11: D | B11: Número de meses de execução contratual | H11: 60
A12: IDENTIFICAÇÃO DO SERVIÇO
A13: Tipo de serviço: Vigilância e Segurança Armada | F13: Unidade de Medida | H13: Quantidade total a contratar (Em função da unidade de medida)
A14: 12 x 36 horas diurnas - de segunda-feira a domingo | F14: posto | H14: 1
A15: 12 x 36 horas noturnas - de segunda-feira a domingo | F15: posto | H15: -
A16: TOTAL DE POSTOS | H16: =SUM(H14:H15) -> 1
A18: Nota 1: Esta tabela poderá ser adaptada às características do serviço contratado, inclusive no que concerne às rubricas e suas respectivas provisões e/ou estimativas, desde que haja justificativa. Nota 2: As provisões constantes desta planilha poderão ser desnecessárias quando se tratar de determinados serviços que prescindam da dedicação exclusiva dos trabalhadores da contratada para com a Administração.
A20: 1. MÓDULOS Mão de obra Mão de obra vinculada à execução contratual
A22: Dados para composição dos custos referente à mão de obra
A23: 1 | B23: Tipo de serviço (mesmo serviço com características distintas) | H23: Vigilância e Segurança Armada
A24: 2 | B24: Classificação Brasileira de Ocupações (CBO) | H24: 5173-30
A25: 3 | B25: Salário Normativo da Categoria Profissional | H25: 1977.8
A26: 4 | B26: Categoria Profissional (vinculada à execução contratual) | H26: vigilante
A27: 5 | B27: Data-Base da Categoria (dia/mês/ano) | H27: 1º de abril de 2024
A28: 6 | B28: Valor do salárioxhora sem periculosidade - VSH (s/peri) = (Valor do salário normativo / 220 h) | H28: =ROUND((H25/220),2) -> 8.99
A29: 7 | B29: Valor da hora extra sem periculosidade com 50% HE (s/peri) = valor da hora + 50% | H29: =TRUNC(H28*1.5,2) -> 13.48
A30: 8 | B30: Valor da hora do adicional noturno sem periculosidade AN (s/peri) = valor da hora x 20% | H30: =ROUND(H28*0.2,2) -> 1.8
A31: 9 | B31: Adicional de troca de uniforme sem periculosidade | H31: =ROUND(H28/6,2) -> 1.5
A32: 10 | B32: Quantidade de vigilantes por posto de serviço | H32: 2
A34: Nota 1: Deverá ser elaborado um quadro para cada tipo de serviço. Nota 2: A planilha será calculada considerando o valor mensal do empregado
A36: Módulo 1: Composição da Remuneração (por Posto)
A37: 1 | B37: Composição da Remuneração (por Posto) | H37: Percentual (%) | I37: Valor (R$)
A38: A | B38: Salário-Base (valor para 2 vigilantes = 1 posto) (cláusulas 3ª e 4ª da CCT 2024/2025) | I38: =H25*H32 -> 3955.6
A39: B | B39: Adicional para Troca de Uniforme - Cálculo do valor: 1/6 do salário-hora por dia = (VSH/6=1,34)x2x15 (cláusula 29 da CCT 2024/2025) | I39: =ROUND($H$31*H32*15,2) -> 45
A40: C | B40: RSR (Repouso Semanal Remunerado) - Cláusulas 16 e 29 da CCT 2024/2025 - Cálculo do valor: 20% sobre os adicionais pertinentes) | I40: =ROUND(SUM(I39:I39)*0.2,2) -> 9
A41: D | B41: Adicional de Periculosidade (Lei nº 12.740/2012) (30% das rubricas pertinentes) (cláusula 27 da CCT 2024/2025) | H41: 0.3 | I41: =ROUND(H41*SUM(I38:I40),2) -> 1202.88
A42: E | B42: Outros (especificar) | I42: -
A43: Remuneração 1 = Total da Remuneração de verbas de natureza salarial nas quais incidem INSS + FGTS + Férias + 13º, etc. | I43: =SUM(I38:I42) -> 5212.48
A45: F | B45: Intervalo Intrajornada (Adicional de Intervalo) Cálculo do valor: HE (s/peri) x 15d x2vigx0,5h) - (cláusula 65 da CCT 2024/2025) | I45: =ROUND(H29*15*H32*0.5,2) -> 202.2
A46: Total da verba de natureza salarial na qual incidem somente INSS (mais terceiras entidades) e FGTS, em face da Solução de Consulta RFB/Cosit nº 108/2023 e Parecer Jurídico. Empregado só recebe se estiver trabalhando. | I46: =I45 -> 202.2
A48: Remuneração 2 = Total da Remuneração que o empregado irá receber Valor entra nos seguintes cálculos: Item 2, "A" - Quadro-Resumo do Custo por Posto de Trabalho, Custos Indiretos, Lucro e Tributos. | I48: =I43+I46 -> 5414.68
A50: Nota1: O Módulo 1 refere-se ao valor mensal devido ao empregado pela prestação do serviço no período de 12 meses.
A52: Módulo 2 : Encargos e Benefícios Anuais, Mensais e Diários
A53: Submódulo 2.1 – 13º (décimo terceiro) Salário, (Férias) e Adicional de Férias
A54: 2.1 | B54: 13º (décimo terceiro) Salário, Férias e Adicional de Férias | I54: Valor (R$)
A55: A | B55: 13º (décimo terceiro) Salário Obrigatória a cotação de 8,33% sobre o valor do Módulo 1 – Composição da Remuneração1, conforme Anexo XII da IN 5/2017 | H55: 0.0833 | I55: =ROUND($I$43*H55,2) -> 434.2
A56: B | B56: Adicional de Férias Obrigatória a cotação de 3,025% sobre o valor do Módulo 1 - Composição da Remuneração, conforme Anexo XII da IN 5/17 (Férias + Adicional = 12,10% = 9,075% + 3,025%). É vedada a cotação de Férias neste Submódulo, em face de tratar-se de Conta Vinculada. O custo do empregado substituto, quando o titular gozar férias, deverá ser previsto no Submódulo 4.1.A. Isso demonstra que a provisão de Férias neste Submódulo não teria finalidade, em razão de que o pagamento do titular no seu mês de gozo de férias será feito pelo Módulo 1 - Composição da Remuneração. Na hipótese de o contrato não ser prorrogado, o pagamento relativo a Férias do empregado deverá ser efetivado pela provisão feita no Submódulo 4.1.A. | H56: 0.03025 | I56: =ROUND($I$43*H56,2) -> 157.68
A57: Total | I57: =SUM(I55+I56) -> 591.88
A58: Nota 1: Como a planilha de custos e formação de preços é calculada mensalmente, provisiona-se proporcionalmente 1/12 (um doze avos) dos valores referentes à gratificação natalina e adicional de férias. Nota 2: O adicional de férias contido no Submódulo 2.1 corresponde a 3,025% do Módulo 1, em face do Anexo XII da IN nº 5/2017 exigir 12,10% no somatório de Férias + 1/3 de Férias (9,075% + 3,025%).
A60: Submódulo 2.2 - Encargos Previdenciários (GPS), Fundo de Garantia por Tempo de Serviço (FGTS) e outras contribuições (Base de Cálculo = Módulo 1 (= a Rem1) + Submódulo 2.1 + Intervalo Intrajornada)
A61: 2.2 | B61: GPS, FGTS e outras contribuições | H61: Percentual (%) | I61: Valor (R$)
A62: A | B62: INSS | H62: 0.2 | I62: =ROUND(($I$43+$I$57+$I$46)*H62,2) -> 1201.31
A63: B | B63: Salário Educação | H63: 0.025 | I63: =ROUND(($I$43+$I$57+$I$46)*H63,2) -> 150.16
A64: C | B64: RAT x FAP Cálculo do valor: % do RAT (Riscos Ambientais do Trabalho) x FAP (Fator Acidentário de Prevenção de cada empresa) | D64: RAT = | E64: 0.03 | F64: FAP = | G64: 1 | H64: =ROUND((E64*G64),6) -> 0.03 | I64: =ROUND(($I$43+$I$57+$I$46)*H64,2) -> 180.2
A65: D | B65: SESC ou SESI | H65: 0.015 | I65: =ROUND(($I$43+$I$57+$I$46)*H65,2) -> 90.1
A66: E | B66: SENAC ou SENAI | H66: 0.01 | I66: =ROUND(($I$43+$I$57+$I$46)*H66,2) -> 60.07
A67: F | B67: SEBRAE | H67: 0.006 | I67: =ROUND(($I$43+$I$57+$I$46)*H67,2) -> 36.04
A68: G | B68: INCRA | H68: 0.002 | I68: =ROUND(($I$43+$I$57+$I$46)*H68,2) -> 12.01
A69: H | B69: FGTS | H69: 0.08 | I69: =ROUND(($I$43+$I$57+$I$46)*H69,2) -> 480.52
A70: Total | H70: =SUM(H62:H69) -> 0.368 | I70: =SUM(I62:I69) -> 2210.41
A72: Nota 1: Os percentuais dos encargos previdenciários, do FGTS e demais contribuições são aqueles estabelecidos pela legislação vigente. Nota 2: O SAT a depender do grau de risco do serviço irá variar entre 1%, para risco leve, de 2% para risco médio, e de 3% para risco grave. Nota 3: Esses percentuais incidem sobre o Módulo 1, o Submódulo 2.1.
A74: Submódulo 2.3 – Benefícios Mensais e Diários
A75: 2.3 | B75: Benefícios Mensais e Diários | I75: Valor (R$)
A76: A | B76: Transporte Cálculo do valor: [(2xVTx30) – (6%xSB)] | I76: =IF(ROUND((H77*H79*H78)-(I38*H80),2)<0,0,ROUND((H77*H79*H78)-(I38*H80),2)) -> 59.66
B77: A.1) Valor da passagem do transporte coletivo no município de prestação dos serviços (Decreto Municipal P. Fundo nº 113/2024) | H77: 4.95 | I77: -
B78: A.2) Quantidade de passagens por dia por empregado | H78: 2 | I78: -
B79: A.3) Quantidade de dias do mês de recebimento de passagens | H79: 30
B80: A.4) Participação do empregado em percentual do salário-base (cláusula 32 da CCT 2024/2025) | H80: 0.06
A81: B | B81: Auxílio-Refeição/Alimentação Cálculo do valor = [(30xVA)x(1-0,20)] | I81: =ROUND(H83*H82*(1-H84),2)*1+ROUND(21.726*6*(1-H84),2)*0 -> 648
B82: B.1) Valor do Auxílio-Alimentação (cláusula 30 da CCT 2024/2025) | H82: 27 | I82: -
B83: B.2) Quantidade de dias do mês de recebimento de auxílio-alimentação | H83: 30
B84: B.3) Participação do empregado em percentual sobre o auxílio-alimentação (cláusula 30 da CCT 2024/2025) | H84: 0.2
A85: C | B85: Assistência Médica e Familiar | I85: 0
A86: D | B86: Seguro de Vida (cláusula 34 da CCT 2024/2025) Cálculo do valor: 26 x Remx 0,023% O valor cotado pelo licitante deve ser fixado na planilha e somente deve ser alterado mediante repactuação com comprovação do aumento. Depois da licitação, excluir a fórmula | I86: =ROUND($I$43*26*0.00023,2) -> 31.17
A87: E | B87: Auxílio-Funeral (cláusula 33 da CCT 2024/2025) Cálculo do valor: [(SB x 0,52066%)/12] O valor cotado pelo licitante deve ser fixado na planilha e somente deve ser alterado mediante repactuação com comprovação do aumento. Depois da licitação, excluir a fórmula | I87: =ROUND(($I$38*0.0052066)/12,2) -> 1.72
A88: F | B88: Outros (especificar) | I88: 0
B89: Total | I89: =SUM(I76:I88) -> 740.55
A91: Nota 1: o valor informado deverá ser o custo real do insumo (descontado o valor eventualmente pago pelo empregado). Nota 2: Observar a previsão dos benefícios contidos em Acordos, Convenções e Dissídios Coletivos de Trabalho e atentar-se ao disposto no artigo 6º desta Instrução Normativa.
A93: Quadro-Resumo do Módulo 2 – Encargos e Benefícios Anuais, Mensais e Diários
A94: 2 | B94: Encargos e Benefícios Anuais, Mensais e Diários | I94: Valor (R$)
A95: 2.1 | B95: 13º (décimo terceiro) Salário e Adicional de Férias | I95: =I57 -> 591.88
A96: 2.2 | B96: GPS, FGTS e outras contribuições | I96: =I70 -> 2210.41
A97: 2.3 | B97: Benefícios Mensais e Diários | I97: =I89 -> 740.55
A98: Total | I98: =SUM(I95+I96+I97) -> 3542.84
A100: Módulo 3 - Provisão para Rescisão
A101: 3 | B101: Provisão para Rescisão | I101: Valor (R$)
A102: A | B102: Aviso Prévio Indenizado Cálculo do valor = [Rem/12 + 13º/12 + (Férias + 1/3 Férias)/12] x (30 dias/30=1) x 5% de rotatividade anual - Os reflexos de 13º, F e 1/3F são referentes a 1 mês de APInd - Decorridos 12 meses de execução contratual, por ocasião do primeiro reajuste, repatuação ou prorrogação, poderão ser considerados 03 dias conforme Lei nº 12.506/2011, dependendo da análise do nº de ocorrências deste evento no período. | I102: =ROUND((($I$43/12)+($I$55/12)+($I$43*0.121/12))*(30/30)*5%,2) -> 26.16
A103: B | B103: Incidência do FGTS sobre o Aviso Prévio Indenizado | I103: =ROUND($H$69*I102,2) -> 2.09
A104: C | B104: Aviso Prévio Trabalhado Cálculo do valor = [(Rem1/30)x7]/ 12 meses de execução contraual x (30 dias / 30) x 100% do empregados. Decorridos 12 meses de execução contratual, negociar extinção/redução, por ocasição do primeiro reajuste, repactuação ou prorrogação. (Esta rubrica prevê 30 dias de aviso prévio, no entanto, decorridos 12 meses de execução, já integralmente provisioandos durante os primeiros 12 meses de execução contratual, o empregado tem direito a mais 03 dias de aviso prévio trabalhado para cada ano trabalhado, conforme Lei nº 12.506, dependendo da análise do nº de ocorrências deste evendo durante o período). | I104: =ROUND(($I$43*(7/30)/12*(30/30))*100%,2) -> 101.35
A105: D | B105: Incidência de GPS, FGTS e outras contribuições sobre o Aviso Prévio Trabalhado | I105: =ROUND($H$70*I104,2) -> 37.3
A106: E | B106: Multa do FGTS sobre o Aviso Prévio Trabalhado e o Aviso Prévio Indenizado Obrigatória a cotação de 4% sobre o valor do Módulo 1 – Composição da Remuneração1, conforme Anexo XII da IN 5/2017 | H106: 0.04 | I106: =ROUND(I43*H106,2) -> 208.5
A107: TOTAL | I107: =SUM(I102:I106) -> 375.4
A109: Módulo 4 - Custo de Reposição do Profissional Ausente
A110: Nota 1: Os itens que contemplam o módulo 4 se referem ao custo dos dias trabalhados pelo repositor/substituto quando o empregado alocado na prestação do serviço estiver ausente, conforme as previsões estabelecidas na legislação.
A111: Base de cálculo para o Custo de Reposição do Profissional Ausente (substituto): BCCPA = MÓDULO 1 (= a Rem2) + MÓDULO 2 (- VA - VT) + FÉRIAS + MÓDULO 3 - exceto o Substituto na cobertura de Férias e o Afastamento Maternidade, sendo que neste último a Rem e o 13º podem ser compensados pelo INSS, ambos com base de cálculo própria, conforme consta nesses itens de custo.
A113: MÓD 1 (= a Rem1)= | B113: =I43 -> 5212.48 | C113: + | D113: MÓD 2 (sem VA e VT) + Férias = | E113: =I98-I76-I81+I117 -> 3482.29 | F113: + | G113: MÓD 3 = | H113: =I107 -> 375.4 | I113: =B113+E113+H113 -> 9070.17
A115: Submódulo 4.1 – Substituto nas Ausências Legais
A116: 4.1 | B116: Substituto nas Ausências Legais | I116: Valor (R$)
A117: A | B117: Substituto na cobertura de Férias Obrigatória a cotação de 9,075% sobre o valor do Módulo 1 - Composição da Remuneração, mais o percentual do Submódulo 2.2 sobre o cálculo anterior, conforme Anexo XII da IN 5/17 (Férias + Adicional = 12,10% = 9,075% + 3,025%) | G117: 0.09075 | H117: =H70 -> 0.368 | I117: =ROUND(B113*G117 + B113*G117*H117,2) -> 647.11
A118: B | B118: Substituto na cobertura de Ausências Legais Cálculo do valor = [(BCCPA/30)x1dia]/12 | I118: =ROUND((1/30)/12*($I$113),2) -> 25.19
A119: C | B119: Substituto na cobertura de Licença-Paternidade Cálculo do valor = {[(BCCPA/30)x5dias]/12}x1,5% | I119: =ROUND((5/30)/12*0.015*($I$113),2) -> 1.89
...

Sheet VIGILÂNCIA ELETRÔNICA
A2: VIGILÂNCIA ELETRÔNICA - 24 H DIÁRIAS DE SEGUNDA-FEIRA A DOMINGO - Lucro Presumido
A3: ANEXO XX do Pregão Nº XX/202X - MODELO DE PLANILHA DE CUSTOS E FORMAÇÃO DE PREÇOS
A4: Nº do processo:
A5: Licitação nº:
A6: Dia:
A7: DISCRIMINAÇÃO DOS SERVIÇOS (DADOS REFERENTES À CONTRATAÇÃO)
A8: A | B8: Data de apresentação da proposta (dia/mês/ano)
A9: B | B9: Município/UF | H9: Passo Fundo/RS
A10: D | B10: Número de meses de execução contratual | H10: 60
A11: IDENTIFICAÇÃO DO SERVIÇO
A12: Tipo de serviço: Auxiliar de Vigilância Patrimonial | F12: Unidade de Medida | H12: Quantidade total a contratar (Em função da unidade de medida)
A13: 24 (vinte e quatro) horas, 7 (sete) dias por semana de Vigilância Eletrônica | F13: serviço | H13: 1
A15: 1. MÓDULOS Serviço de Videomonitoramento
A17: Módulo 1: Insumos Diversos para Serviço de Vigilância Eletrônica
A19: 1.1 | B19: INSUMOS (Insumos de Implantação e/ou benfeitorias - sem prazo de vida útil determinado, mas com rateio pelo período previsto de execução contratual) | D19: Unidade | E19: Quantidade a disponibilizar | F19: Rateio (em meses) | G19: Quantidade Anual | H19: Valor Unitário | I19: Custo Anual
A20: A | B20: Especificar e detalhar insumos diversos de implantação e/ou benfeitorias, tais como cabo lan-cat25, cabo lan blindado subterrâneo, cabo óptico drop F8 SM fibras, kit de instalação de conectores, cintas, tubulação 3/4 branca, eltroduto 1", postes de instalação de cameras, hastes para extensão de posicionamento de câmeras, mão-de-obra para implantação e benfeitorias, e outros, etc. | D20: especificar | E20: 1 | F20: 60 | G20: =12/F20*E20 -> 0.2 | H20: 4000 | I20: =G20*H20 -> 800
A21: B | B21: especificar | D21: especificar | I21: =G21*H21 -> 0
A22: C | B22: especificar | D22: especificar | I22: =G22*H22 -> 0
A23: D | B23: especificar | D23: especificar | I23: =G23*H23 -> 0
A24: E | B24: especificar | D24: especificar | I24: =G24*H24 -> 0
A25: F | B25: especificar | D25: especificar | I25: =G25*H25 -> 0
A26: G | B26: especificar | D26: especificar | I26: =G26*H26 -> 0
A27: H | B27: especificar | D27: especificar | I27: =G27*H27 -> 0
A28: I | B28: especificar | D28: especificar | I28: =G28*H28 -> 0
A29: J | B29: especificar | D29: especificar | I29: =G29*H29 -> 0
A30: CUSTO ANUAL DOS INSUMOS | I30: =SUM(I20:I29) -> 800
A31: CUSTO MENSAL DOS INSUMOS | I31: =ROUND(I30/12,2) -> 66.67
A33: 1.2 | B33: MATERIAIS (materiais diversos que complementam os equipamentos a serem disponibilizados em comodato, sem depreciação, mas com vida util definida) | D33: Unidade | E33: Quantidade a disponibilizar | F33: Vida Útil (em meses) | G33: Quantidade Anual | H33: Valor Unitário | I33: Custo Anual
A34: A | B34: Detalhar materiais diversos que complementam os equipamentos a serem disponibilizados em comodato, tais como fonte adaptadora POE para câmeras, conversor (par) para câmeras, caixa hermética baby 145x105x70, , mini rack de parede 19 polegadas, régua de tomadas, placas de sinalização e de advertência de ambiente monitorado, espelho convexo de 60cm, mão-de-obra de instalação de materiais e equipamentos, licença de uso de protocolos e softwares, e outros, etc. | D34: especificar | E34: 1 | F34: 60 | G34: =12/F34*E34 -> 0.2 | H34: 4000 | I34: =G34*H34 -> 800
A35: B | B35: especificar | D35: especificar | I35: =G35*H35 -> 0
A36: C | B36: especificar | D36: especificar | I36: =G36*H36 -> 0
A37: D | B37: especificar | D37: especificar | I37: =G37*H37 -> 0
A38: E | B38: especificar | D38: especificar | I38: =G38*H38 -> 0
A39: F | B39: especificar | D39: especificar | I39: =G39*H39 -> 0
A40: G | B40: especificar | D40: especificar | I40: =G40*H40 -> 0
A41: H | B41: especificar | D41: especificar | I41: =G41*H41 -> 0
A42: I | B42: especificar | D42: especificar | I42: =G42*H42 -> 0
A43: J | B43: especificar | D43: especificar | I43: =G43*H43 -> 0
A44: CUSTO ANUAL DOS MATERIAIS | I44: =SUM(I34:I43) -> 800
A45: CUSTO MENSAL DOS MATERIAIS | I45: =ROUND(I44/12,2) -> 66.67
A47: 1.3 | B47: EQUIPAMENTOS FORNECIDOS EM COMODATO (equipamentos com depreciação definida) | D47: Unidade | E47: Quantidade a disponibilizar | F47: Depreciação (em meses) | G47: Quantidade Anual | H47: Valor Unitário | I47: Custo Anual
A48: A | B48: Gravador de vídeo - NVR para 32 canais compatível com h.265+ e h.265, suporte a câmeras IP com áudio, resolusão de gravação 3840x2160 (4K), com inteligência de vídeo, compatível com HD 10 TB | D48: pç | E48: 1 | F48: 60 | G48: =12/F48*E48 -> 0.2 | H48: 2428.9 | I48: =G48*H48 -> 485.78
A49: B | B49: HD 10 TB Para NVR | D49: pç | E49: 1 | F49: 60 | G49: =12/F49*E49 -> 0.2 | H49: 2749.9 | I49: =G49*H49 -> 549.98
A50: C | B50: Câmera IP bullet externa, Full HD, 1920 (H) x 1080 (V), IR 30m, com microfone embutido, compressão de vídeo h.265, IP67, PoE. | D50: pç | E50: 21 | F50: 60 | G50: =12/F50*E50 -> 4.2 | H50: 372 | I50: =G50*H50 -> 1562.4
A51: D | B51: Câmera IP bullet externa, 4K, 3840 (H) x 2160 (V), IR 30m, inteligência perimetral, com microfone embutido, compressão de vídeo h.265, IP67, PoE. | D51: pç | E51: 3 | F51: 60 | G51: =12/F51*E51 -> 0.6 | H51: 1488.56 | I51: =G51*H51 -> 893.136
A52: E | B52: Smart TV 4K 42 polegadas para monitoramento das câmeras | D52: pç | E52: 2 | F52: 60 | G52: =12/F52*E52 -> 0.4 | H52: 1376.55 | I52: =G52*H52 -> 550.62
A53: F | B53: Switch gigabit 10/100/1000 com 5 portas | D53: pç | E53: 7 | F53: 60 | G53: =12/F53*E53 -> 1.4 | H53: 95.9 | I53: =G53*H53 -> 134.26
A54: G | B54: Cancela automática, fluxo intenso, barreira 3,3 metros, com LED, sistema de detecção de obstáculo, pictogramas para orientação de fluxo. | D54: pç | E54: 2 | F54: 60 | G54: =12/F54*E54 -> 0.4 | H54: 4845.9 | I54: =G54*H54 -> 1938.36
A55: H | B55: especificar | D55: especificar | I55: =G55*H55 -> 0
A56: I | B56: especificar | D56: especificar | I56: =G56*H56 -> 0
A57: J | B57: especificar | D57: especificar | I57: =G57*H57 -> 0
A58: L | B58: especificar | D58: especificar | I58: =G58*H58 -> 0
A59: M | B59: especificar | D59: especificar | I59: =G59*H59 -> 0
A60: N | B60: especificar | D60: especificar | I60: =G60*H60 -> 0
A61: O | B61: especificar | D61: especificar | I61: =G61*H61 -> 0
A62: CUSTO ANUAL DOS EQUIPAMENTOS | I62: =SUM(I48:I61) -> 6114.536
A63: CUSTO MENSAL DOS EQUIPAMENTOS | I63: =I62/12 -> 509.54467
A65: 1.4 | B65: OUTROS SERVIÇOS | F65: Unidade | G65: Quantidade a disponibilizar | H65: Valor mensal | I65: Custo Anual
A66: A | B66: Especificar serviço mensal sem dedicação exclusiva de mão de obra, necessários para viabilização, manutenção e disponibilização (comodato) e monitoramento de videomonitoramento 24 (vinte e quatro) horas, 7 (sete) dias por semana. | F66: especificar | G66: 1 | H66: 8499.57 | I66: =H66*12 -> 101994.84
A67: B | B67: especificar | F67: especificar | I67: =H67*12 -> 0
A68: C | B68: especificar | F68: especificar | I68: =H68*12 -> 0
A69: D | B69: especificar | F69: especificar | I69: =H69*12 -> 0
A70: E | B70: especificar | F70: especificar | I70: =H70*12 -> 0
A71: CUSTO ANUAL DOS OUTROS INSUMOS | I71: =SUM(I66:I70) -> 101994.84
A72: CUSTO MENSAL DOS OUTROS INSUMOS | I72: =I71/12 -> 8499.57
A74: Quadro-Resumo do Módulo 1 – Insumos Diversos para Serviço de Vigilância Eletrônica
A75: 1 | B75: Insumos Diversos para Serviço de Monitoramento | I75: Valor (R$)
A76: 1.1 | B76: =B19 -> INSUMOS (Insumos de Implantação e/ou benfeitorias - sem prazo de vida útil determinado, mas com rateio pelo período previsto de execução contratual) | I76: =I31 -> 66.67
A77: 1.2 | B77: =B33 -> MATERIAIS (materiais diversos que complementam os equipamentos a serem disponibilizados em comodato, sem depreciação, mas com vida util definida) | I77: =I45 -> 66.67
A78: 1.3 | B78: =B47 -> EQUIPAMENTOS FORNECIDOS EM COMODATO (equipamentos com depreciação definida) | I78: =I63 -> 509.54467
A79: 1.4 | B79: =B65 -> OUTROS SERVIÇOS | I79: =I72 -> 8499.57
A80: Total | I80: =ROUND(SUM(I76:I79),2) -> 9142.45
A82: Nota: Valores mensais totais
A84: Módulo 2 - Custos Indiretos, Lucro e Tributos
A85: 2 | B85: Custos Indiretos, Lucro e Tributos | H85: Percentual (%) | I85: Valor (R$)
A86: BASE DE CÁLCULO DOS CUSTOS INDIRETOS = (Total do Módulo 1) | H86: - | I86: =I80 -> 9142.45
A87: A | B87: Custos Indiretos (este percentual deverá cobrir todas os custos indiretos, inclusive os não especificados nos insumos, materiais, equipamentos, e outros insumos, necessários para viabilização e disponibilização do serviço de videomonitoramento) | H87: 0.06 | I87: =ROUND(H87*I86,2) -> 548.55
A88: BASE DE CÁLCULO DOS CUSTOS INDIRETOS = (Total do Módulo 1 + Custos Indiretos) | H88: - | I88: =I80+I87 -> 9691
A89: B | B89: Lucro | H89: 0.0679 | I89: =ROUND(H89*I88,2) -> 658.02
A90: BASE DE CÁLCULO DOS TRIBUTOS = (Total do Módulo 1 + Custos Indiretos + Lucro) | H90: - | I90: =SUM(I86+I87+I89) -> 10349.02
A91: C | B91: Tributos | H91: - | I91: -
B92: C.1 Tributos federais (especificar) | H92: - | I92: -
B93: a) Cofins (depende do regime de tributação - utilizada a hipótese de Lucro Real ou Presumido) | H93: 0.03 | I93: =ROUND(($I$90/(1-$H$102))*H93,2) -> 329.06
B94: b) PIS (depende do regime de tributação - utilizada a hipótese de Lucro Real ou Presumido) | H94: 0.0065 | I94: =ROUND(($I$90/(1-$H$102))*H94,2) -> 71.3
B95: c) IRPJ - Em face dos Acórdãos TCU nºs 950/2007-P e 205/2018-P, o licitante não pode cotar expressamente este tributo. | H95: - | I95: -
B96: d) CSLL - Em face dos Acórdãos TCU nºs 950/2007-P e 205/2018-P, o licitante não pode cotar expressamente este tributo. | H96: - | I96: -
B97: C.2 Tributos estaduais (especificar) | H97: - | I97: -
B98: C.3 Tributos municipais (especificar): | H98: - | I98: -
B99: a) ISS (Lei Municipal Passo Fundo nº 137 de 29/12/2004) | H99: 0.02 | I99: =ROUND(($I$90/(1-$H$102))*H99,2) -> 219.38
A100: TOTAL | I100: =SUM(I87+I89+I93+I94+I99) -> 1826.31
A102: Percentual Total e Valor Total de Tributos | H102: =SUM(H93:H99) -> 0.0565 | I102: =SUM(I93:I99) -> 619.74
A103: Cálculo dos Tributos | C103: Base de Cálculo para os Tributos
C104: = ( --------------------------------------------------------- ) x Alíquota do Tributo
C105: 1 - (Total de Tributos em % dividido por 100)
A107: Nota 1: O valor referente a tributos é obtido aplicando-se o percentual sobre o valor do faturamento.
A108: 2. QUADRO-RESUMO DO CUSTO DO SERVIÇO DE VIGILÂNCIA ELETRÔNICA
A109: Módulos | I109: Valor (R$)
A110: A | B110: Módulo 1 - Insumos Diversos - Vigilância Eletrônica | I110: =I80 -> 9142.45
A111: B | B111: Módulo 2 – Encargos e Benefícios Anuais, Mensais e Diários | I111: =I100 -> 1826.31
A112: Valor Total do Serviço (A +B) | I112: =I110+I111 -> 10968.76
...

Sheet INSUMOS DOS POSTOS
B2: INSUMOS DIVERSOS - POSTO VIGILANTE
C4: MATERIAIS - VIGILANTE | D4: Unidade | E4: Quantidade a disponibilizar por posto | F4: Vida Útil (em meses) | G4: Quantidade Anual | H4: Valor Unitário | I4: Custo Anual
C5: Colete Balístico homologado | D5: pç | E5: 1 | F5: 60 | G5: =12/F5*E5 -> 0.2 | H5: 2409.54 | I5: =G5*H5 -> 481.908
C6: lanterna recarregavél de led | D6: pç | E6: 1 | F6: 12 | G6: =12/F6*E6 -> 1 | H6: 75.41 | I6: =G6*H6 -> 75.41
C7: Cassetete | D7: pç | E7: 1 | F7: 60 | G7: =12/F7*E7 -> 0.2 | H7: 106.26 | I7: =G7*H7 -> 21.252
C8: Cartela com 10 munições calibri 38. | D8: pç | E8: 2 | F8: 12 | G8: =12/F8*E8 -> 2 | H8: 112.5 | I8: =G8*H8 -> 225
C9: Crachá | D9: pç | E9: 2 | F9: 24 | G9: =12/F9*E9 -> 1 | H9: 6.94 | I9: =G9*H9 -> 6.94
C11: CUSTO ANUAL DOS UTENSÍLIOS | I11: =SUM(I5:I10) -> 810.51
C12: CUSTO MENSAL DOS UTENSÍLIOS | I12: =ROUND(I11/12,2) -> 67.54
C14: EQUIPAMENTOS - VIGILANTE | D14: Unidade | E14: Quantidade a disponibilizar por posto | F14: Depreciação (em meses) | G14: Quantidade Anual | H14: Valor Unitário | I14: Custo Anual
C15: Revólver calíbre 38. | D15: pç | E15: 1 | F15: 60 | G15: =12/F15*E15 -> 0.2 | H15: 8903.86 | I15: =G15*H15 -> 1780.772
C16: kit bastão de ronda para controle de vigias com 6 Ibuttons | D16: pç | E16: 1 | F16: 60 | G16: =12/F16*E16 -> 0.2 | H16: 731.99 | I16: =G16*H16 -> 146.398
C17: Radios comunicadores | D17: pç | E17: 2 | F17: 60 | G17: =12/F17*E17 -> 0.4 | H17: 590.45 | I17: =G17*H17 -> 236.18
C20: CUSTO ANUAL DOS EQUIPAMENTOS | I20: =SUM(I15:I19) -> 2163.35
C21: CUSTO MENSAL DOS EQUIPAMENTOS | I21: =I20/12 -> 180.27917
C23: UNIFORMES - VIGILANTE (individual para posto) | D23: Unidade | E23: Quantidade semestral por trabalhador | F23: Quantidade anual por trabalhador | G23: Quantidade anual por posto | H23: Valor Unitário | I23: Custo Anual
C24: Calça | D24: pç | E24: 2 | F24: =E24*2 -> 4 | G24: =F24*2 -> 8 | H24: 75 | I24: =G24*H24 -> 600
C25: Camisa de manga curta | D25: pç | E25: 2 | F25: =E25*2 -> 4 | G25: =F25*2 -> 8 | H25: 84.66 | I25: =G25*H25 -> 677.28
C26: camisa de manga longa | D26: pç | E26: 2 | F26: =E26*2 -> 4 | G26: =F26*2 -> 8 | H26: 130.25 | I26: =G26*H26 -> 1042
C27: Cinto nylon | D27: pç | E27: 1 | F27: =E27*2 -> 2 | G27: =F27*2 -> 4 | H27: 5 | I27: =G27*H27 -> 20
C28: Jaqueta/Japona de Nylon | D28: pç | E28: 1 | F28: =E28*2 -> 2 | G28: =F28*2 -> 4 | H28: 206.46 | I28: =G28*H28 -> 825.84
C29: Capa de chuva | D29: pç | E29: 1 | F29: =E29*2 -> 2 | G29: =F29*2 -> 4 | H29: 32.22 | I29: =G29*H29 -> 128.88
C30: Boné ou quepe | D30: pç | E30: 1 | F30: =E30*2 -> 2 | G30: =F30*2 -> 4 | H30: 22.86 | I30: =G30*H30 -> 91.44
C31: Botas de chuva | D31: par | E31: 0.5 | F31: =E31*2 -> 1 | G31: =F31*2 -> 2 | H31: 45.01 | I31: =G31*H31 -> 90.02
C32: Cinto com Coldre e baleiro | D32: pç | E32: 1 | F32: =E32*2 -> 2 | G32: =F32*2 -> 4 | H32: 86.9 | I32: =G32*H32 -> 347.6
C33: Apito | D33: pç | E33: 0.5 | F33: =E33*2 -> 1 | G33: =F33*2 -> 2 | H33: 10.63 | I33: =G33*H33 -> 21.26
C34: Cordão de apito | D34: pç | E34: 0.5 | F34: =E34*2 -> 1 | G34: =F34*2 -> 2 | H34: 1.1 | I34: =G34*H34 -> 2.2
C35: Porta cassetete | D35: pç | E35: 0.5 | F35: =E35*2 -> 1 | G35: =F35*2 -> 2 | H35: 29.13 | I35: =G35*H35 -> 58.26
... C37: Capa colete Balístico | D37: pç | E37: 1 | F37: =E37*2 -> 2 | G37: =F37*2 -> 4 | H37: 247.61 | I37: =G37*H37 -> 990.44
C39: CUSTO ANUAL DOS UNIFORMES | I39: =SUM(I24:I38) -> 5110.9
C40: CUSTO MENSAL DOS UNIFORMES | I40: =ROUND(I39/12,2) -> 425.91
B43: INSUMOS DE USO GERAL (Vigilante)
C46: EQUIPAMENTOS DE USO GERAL - VIGILANTES | D46: Unidade | E46: Quantidade a disponibilizar | F46: Depreciação (em meses) | G46: Quantidade Anual | H46: Valor Unitário | I46: Custo Anual
C47: Ponto biométrico | D47: pç | E47: 1 | F47: 60 | G47: =12/F47*E47 -> 0.2 | H47: 1980.49 | I47: =G47*H47 -> 396.098
C48: Cofre para guarda do armamento, munição, e colete balístico (dimensões mínimas 1m x 0,4m x 0,4m) | D48: pç | E48: 1 | F48: 60 | G48: 0.2 | H48: 1812.36 | I48: =G48*H48 -> 362.472
C49: CUSTO ANUAL DOS EQUIPAMENTOS | I49: =SUM(I47:I48) -> 758.57
C50: CUSTO MENSAL DOS EQUIPAMENTOS | I50: =I49/12 -> 63.214167
B53: QUADRO RESUMO
C56: QUADRO RESUMO - VIGILANTE NOTURNO | D56: CUSTO ANUAL | F56: CUSTO MENSAL | H56: Número de Postos | I56: Custo Mensal Total | J56: Custo Mensal por Posto
C57: =C4 -> MATERIAIS - VIGILANTE | D57: =I11 -> 810.51 | E57: =SUM(D57:D57) -> 810.51 | F57: =ROUND(D57/12,2) -> 67.54 | H57: 2 | I57: =F57*1 -> 67.54 | J57: =ROUND(I57/H57,2) -> 33.77
C58: =C14 -> EQUIPAMENTOS - VIGILANTE | D58: =I20 -> 2163.35 | F58: =ROUND(D58/12,2) -> 180.28 | H58: 2 | I58: =F58*1 -> 180.28 | J58: =ROUND(I58/H58,2) -> 90.14
C59: =C23 -> UNIFORMES - VIGILANTE (individual para posto) | D59: =I39 -> 5110.9 | F59: =ROUND(D59/12,2) -> 425.91 | H59: 2 | I59: =F59*1 -> 425.91 | J59: =ROUND(I59/H59,2) -> 212.96
C60: =C46 -> EQUIPAMENTOS DE USO GERAL - VIGILANTES | D60: =I49 -> 758.57 | F60: =ROUND(D60/12,2) -> 63.21 | H60: 3 | I60: =F60*1 -> 63.21 | J60: =ROUND(I60/H60,2) -> 21.07
C61: TOTAL - VIGILANTE | D61: =D57+D58+D59+D60 -> 8843.33 | F61: 205.81 | I61: =I60+I59+I58+I57 -> 736.94 | J61: =J60+J59+J58+J57 -> 357.94
C63: QUADRO RESUMO - VIGILANTE DIURNO | D63: CUSTO ANUAL | F63: CUSTO MENSAL | H63: Número de Postos | I63: Custo Mensal Total | J63: Custo Mensal por Posto
C64: =C4 -> MATERIAIS - VIGILANTE | D64: =I11 -> 810.51 | E64: =SUM(D64:D64) -> 810.51 | F64: =ROUND(D64/12,2) -> 67.54 | H64: 1 | I64: =F64*1 -> 67.54 | J64: =ROUND(I64/H64,2) -> 67.54
C65: =C14 -> EQUIPAMENTOS - VIGILANTE | D65: =I20 -> 2163.35 | F65: =ROUND(D65/12,2) -> 180.28 | H65: 1 | I65: =F65*1 -> 180.28 | J65: =ROUND(I65/H65,2) -> 180.28
C66: =C23 -> UNIFORMES - VIGILANTE (individual para posto) | D66: =I39 -> 5110.9 | F66: =ROUND(D66/12,2) -> 425.91 | H66: 1 | I66: =F66*1 -> 425.91 | J66: =ROUND(I66/H66,2) -> 425.91
C67: =C46 -> EQUIPAMENTOS DE USO GERAL - VIGILANTES | D67: =I49 -> 758.57 | F67: =ROUND(D67/12,2) -> 63.21 | H67: 3 | I67: =F67*1 -> 63.21 | J67: =ROUND(I67/H67,2) -> 21.07
C68: TOTAL - VIGILANTE | D68: =D64+D65+D66+D67 -> 8843.33 | F68: 205.81 | I68: =I67+I66+I65+I64 -> 736.94 | J68: =J67+J66+J65+J64 -> 694.8

Sheet Local Câmeras PDF

Sheet Identificação Câmeras
B2: Ponto de Observação | D2: Ambiente | F2: Resolução | I2: Ângulo de Abertura | J2: Alcance | K2: Sensor Inteligencia | M2: Visão Noturna Infravermelho
D3: interno | E3: externo | F3: 720p | G3: 1080p | H3: 4k | K3: Sim | L3: Não | M3: Sim | N3: Não
B4: 1 | C4: Acesso a Campus, à esquerda. | E4: X | G4: X | I4: 60° | J4: até 50 m | K4: X | M4: X
B5: =B4+1 -> 2 | C5: Acesso a Campus, à direita. | E5: X | G5: X | I5: 60° | J5: até 50 m | K5: X | M5: X
B6: =B5+1 -> 3 | C6: Estacionamento em frente ao prédio 1, à esquerda. | E6: X | G6: X | I6: 90° | J6: até 50 m | K6: X | M6: X
B7: =B6+1 -> 4 | C7: Estacionamento em frente ao prédio 1, à direita. | E7: X | G7: X | I7: 90° | J7: até 25 m | K7: X | M7: X
B8: =B7+1 -> 5 | C8: Entrada dos estudantes. | E8: X | H8: X | I8: 45° | J8: até 25 m | L8: X | M8: X
B9: =B8+1 -> 6 | C9: Estacionamento em frente ao prédio 4. | E9: X | G9: X | I9: 60° | J9: até 50 m | K9: X | M9: X
B10: =B9+1 -> 7 | C10: Espaço em frente a caixa d'água e subestação. | E10: X | G10: X | I10: 90° | J10: até 25 m | K10: X | M10: X
B11: =B10+1 -> 8 | C11: Estacionamento lateral ao prédio 1. | E11: X | G11: X | I11: 90° | J11: até 50 m | K11: X | M11: X
B12: =B11+1 -> 9 | C12: Espaço entre as salas modulares. | E12: X | G12: X | I12: 120° | J12: até 25 m | K12: X | M12: X
B13: =B12+1 -> 10 | C13: Espaço aos fundos do prédio 1. | E13: X | G13: X | I13: 90° | J13: até 25 m | K13: X | M13: X
B14: =B13+1 -> 11 | C14: Acesso à biblioteca. | E14: X | G14: X | I14: 90° | J14: até 50 m | K14: X | M14: X
B15: =B14+1 -> 12 | C15: Acesso ao Auditório. | E15: X | G15: X | I15: 90° | J15: até 25 m | K15: X | M15: X
B16: =B15+1 -> 13 | C16: Descida lateral ao Predio 2. | E16: X | G16: X | I16: 90° | J16: até 25 m | K16: X | M16: X
B17: =B16+1 -> 14 | C17: Acesso aos conteineres Comag/Coap. | E17: X | G17: X | I17: 90° | J17: até 25 m | K17: X | M17: X
B18: =B17+1 -> 15 | C18: Lateral prédio 2 e divisa Accialama. | E18: X | G18: X | I18: 90° | J18: até 50 m | K18: X | M18: X
B19: =B18+1 -> 16 | C19: Acesso aos prédios 2 e 3. | E19: X | G19: X | I19: 90° | J19: até 25 m | K19: X | M19: X
B20: =B19+1 -> 17 | C20: Fundos prédio 3 (laboratórios) e laboratório predio 7. | E20: X | G20: X | I20: 90° | J20: até 50 m | K20: X | M20: X
... B22: =B21+1 -> 19 | C22: Lateral prédio 5 e divisa com Accialama. | E22: X | G22: X | I22: 60° | J22: até 50 m | K22: X | M22: X
B23: =B22+1 -> 20 | C23: Fundos prédio 5 e visada até os muros sul e oeste. | E23: X | H23: X | I23: 60° | J23: até 100 m | L23: X | M23: X
B24: =B23+1 -> 21 | C24: Lateral do prédio 5 e laboratório do predio 7. | E24: X | G24: X | I24: 90° | J24: até 50 m | K24: X | M24: X
B25: =B24+1 -> 22 | C25: Caminho de acesso a quadra de esportes e divisa Apace. | E25: X | G25: X | I25: 120° | J25: até 100 m | K25: X | M25: X
B26: =B25+1 -> 23 | C26: Fundos do Prédio 7 e visada do muro oeste. | E26: X | H26: X | I26: 120° | J26: até 100 m | L26: X | M26: X
B27: =B26+1 -> 24 | C27: Visada do muro norte e portão Br 285. | E27: X | G27: X | I27: 120° | J27: até 100 m | K27: X | M27: X
P46: Interna & curto alcance | Q46: Externa & curto alcance | R46: Externa & longo alcance
P48: 1 - área interna da guarita | Q48: 1 - no portão de entrada de veículos | R48: 1 - muro da BR 285
P49: 1 - no rescinto do vigilante que fica no pátio | Q49: 1 - no portão de saída dos veículos | R49: 1 - muro gradil perimetral
Q50: 1 - no portão de entrada de pessoas | R50: 1 - divisa APAC
Q51: 1 - no portão de saída de pessoas | R51: 1 - divisa ACIALAMA
Q52: 1 - no portão da BR 285 | R52: 1 - fundos do IFSUL
Q53: 1 - na entrada da quadra de esportes
Q54: 1 - na caixa d'água
B56: Predio 1 | P56: 1 - na porta de entrada | Q56: 1 - lateral norte (passarela)
P57: 1 - na porta dos fundos | Q57: 1 - lateral leste (frente)
P58: 1 - no corredor da corac/direção/ponto | Q58: 1 - lateral sul (estacionamento)
P59: 1 - no corredor do deap/coap | Q59: 1 - lateral oeste 1 (gabdir)
Q60: 1 - lateral oeste (assistencia) | T60: 100
Q61: 5 - porta de entrada das salas modulares | T61: 6
T62: 0.2
B63: Predio 2 | P63: 1 - ferramentaria/entrada/escada | Q63: 1 - entrada do prédio 2 | T63: =T62*T61*T60 -> 120
P64: 1 - porta dos fundos | Q64: 1 - lateral sul (Acialama) | S64: 8 | T64: =T63/S64 -> 15
Q65: 1 - lateral oeste (descida veículos)
Q66: 1 - lateral norte (portão lateral) | S66: https://inviolavel.com/servicos/
S67: https://grupodelta.net.br/servicos.html
B68: Predio 3 | P68: 1 - saguão do prédio 3 | Q68: 1 - entrada do prédio 3 | S68: https://mzseguranca.com.br/
Q69: 1 - lateral norte/fundos
Q70: 2 - lateral leste c/ containers comag
B72: Predio 4 | P72: 1 - entrada do miniautditório | Q72: 1 - entrada superior/passarela
P73: 1 - área de alimentação da cantina | Q73: 1 - entrada inferior/passarela (biblioteca)
Q74: 1 - lateral norte (lago)
Q75: 1 - lateral oeste / passarela coberta
Q76: 1 - container recreativo dos estudantes
B78: Predio 5 | P78: 1 - saguão do prédio 5 | Q78: 1 - entrada do prédio 5
Q79: 1 - lateral oeste/fundos
Q80: 1 - lateral norte c/ predio edificações
Q81: 1 - lateral sul c/ predio oficina
B84: Predio 6 | P84: 1 - entrada principal | Q84: 1 - entrada/passarela | S84: 24
P85: 1 - palco | Q85: 1 - lateral norte (APAC)
P86: 1 - do palco para as assistências inferior e superior | Q86: 1 - lateral leste (Perimetral)
Q87: 1 - lateral oeste (porta secundária)
B89: Predio 7 | P89: 1 - entrada saguão superior | Q89: 1 - Porta de entrada superior ao prédio
P90: 1 - entrada saguão inferior | Q90: 1 - Porta de entrada inferior ao prédio
P91: 1 - laboratório 708 | Q91: 1 - Portão oeste do subsolo
Q92: 1 - Portão leste do subsolo
Q93: 1 - lateral norte do prédio
V96: 4 | W96: 7 | X96: 5
V97: 2 | W97: 10
V98: 1 | W98: 4
V99: 2 | W99: 4
V100: 1 | W100: 5
V101: 3 | W101: 4
V102: 3 | W102: 4
W103: 5
V104: =SUM(V96:V103) -> 16 | W104: =SUM(W96:W103) -> 43 | X104: =SUM(X96:X103) -> 5 | Y104: =V104+W104+X104 -> 64

Sheet RESUMO
A2: RESUMO
A3: ANEXO XX do Pregão Nº XX/202X MODELO DE PLANILHA DE CUSTOS E FORMAÇÃO DE PREÇOS
A4: Nº do processo:
A5: Licitação nº:
A6: Dia:
A7: DISCRIMINAÇÃO DOS SERVIÇOS (DADOS REFERENTES À CONTRATAÇÃO)
A8: A | B8: Data de apresentação da proposta (dia/mês/ano)
A9: B | B9: Município/UF | H9: Passo Fundo/RS
A10: C | B10: Ano do Acordo, Convenção ou Dissídio coletivo | H10: 1º de abril de 2024
A11: D | B11: Número de meses de execução contratual | H11: 60
A12: IDENTIFICAÇÃO DO SERVIÇO
A13: O complemento abaixo é uma planilha auxiliar que consolida as várias planilhas com os diferentes tipos de postos
A16: 3. COMPLEMENTO DOS SERVIÇOS DE VIGILÂNCIA – VALOR MENSAL DOS SERVIÇOS
A17: ESCALA DE TRABALHO | E17: PREÇO MENSAL DO POSTO (R$) | G17: NÚMERO DE POSTOS | H17: SUBTOTAL (R$)
A18: Grupo 1 | B18: Item 1 | C18: 12 horas noturnas, de segunda-feira a domingo, envolvendo 2 (dois) vigilantes em turnos de 12 (doze) por 36 (trinta e seis) horas | E18: ='VIG 12x36 NOTURNO'!I183 -> 14359.94 | G18: 2 | H18: =E18*G18 -> 28719.88
B19: Item 2 | C19: 12 horas diurnas, de segunda-feira a domingo, envolvendo 2 (dois) vigilantes em turnos de 12 (doze) por 36 (trinta e seis) horas | E19: ='VIG 12x36 DIURNO'!I181 -> 12966.04 | G19: 1 | H19: =E19*G19 -> 12966.04
B20: Item 3 | C20: 24 (vinte e quatro) horas, 7 (sete) dias por semana de Vigilância Eletrônica | H20: ='VIGILÂNCIA ELETRÔNICA'!G114 -> 10968.76
A22: TOTAL: | H22: =H19+H18+H20 -> 52654.68
A24: Nota: Nos casos de inclusão de outros tipos de postos, observar o disposto no item 4 do Anexo VI-A, desta Instrução Normativa
A26: Valor mensal do serviço | H26: =$H$22 -> 52654.68
A28: Número de meses do contrato | H28: =$H$11 -> 60
A30: Valor global da proposta (valor mensal do serviço x nº de meses do contrato) | H30: =ROUND(H26*H28,2) -> 3159280.8
A32: QUANTIDADE DE PESSOAL ALOCADO NA EXECUÇÃO CONTRATUAL (item 6.2.e do Anexo VII da IN nº 5/2017 e item XXXX do edital)
A33: Tipo de Mão de Obra | D33: Quantidade de Pessoal
A35: Vigilante Noturno - 12/36H | D35: 4
A36: Vigilante Diurno - 12/36H | D36: 2
A37: TOTAL | D37: =SUM(D35:I36) -> 6
A40: Prazo de validade do Orçamento: 120 dias
A41: Nome do responsavel pelo orçamento: XXXXXXXXXXXXXXXX
A42: Razão social da empresa: XXXXXXXXXXXXXXXX
A43: CNPJ da empresa: XXXXXXXXXXXXXXXX
A44: Endereço da empresa: XXXXXXXXXXXXXXXX
A45: Telefone da empresa: XXXXXXXXXXXXXXXX
A46: Site da empresa: XXXXXXXXXXXXXXXX
A47: Declaração: Neste orçamento estão inclusos todos os custos e despesas para execução total dos serviços, incluindo impostos, taxas, lucro, custos indiretos, etc.
A50: XXXXXXXXXXXXXXXX, XX de XXXXXXXXXXXXXXXX de 20XX.
C54: assinatura do responsavel pelo orçamanto na empresa
